 Dungeon Crawl Stone Soup version 0.28-a0-883-gc8d7bad45d (webtiles) character file.

Game seed: 5599431793356328189

95 mainiacjoe the Sneak (level 4, -3/36 HPs)
             Began as a Naga Fire Elementalist on Nov 21, 2021.
             Slain by an adder (4 damage)
             ... on level 3 of the Dungeon.
             The game lasted 00:06:59 (2400 turns).

mainiacjoe the Sneak (Naga Fire Elementalist)       Turns: 2400, Time: 00:07:00

Health: -3/36      AC:  2    Str: 10    XL:     4   Next: 65%
Magic:  1/7        EV: 10    Int: 16    God:
Gold:   47         SH:  0    Dex: 12    Spells: 4/7 levels left

rFire   . . .      SeeInvis +   a - +3 spear (venom)
rCold   . . .      Faith    .   (no shield)
rNeg    . . .      Spirit   .   h - +0 robe
rPois   +          Reflect  .   (no helmet)
rElec   .          Harm     .   (no cloak)
rCorr   .          Rampage  .   (no gloves)
Will    .....                   (no barding)
Stlth   +++.......              (no amulet)
HPRegen 0.12/turn               (no ring)
MPRegen 0.10/turn               (no ring)

@: lethally poisoned (-3 -> -5), flying, very slow
A: AC +1, large, see invisible, deformed body, poison resistance, slowness 2,
spit poison 1, naga tail 1
a: Spit Poison


You were on level 3 of the Dungeon.
You visited 1 branch of the dungeon, and saw 3 of its levels.

You collected 47 gold pieces.

Inventory:

Hand Weapons
 a - a +3 spear of venom (weapon)
 b - a +0 dagger
Missiles
 c - 19 stones
 o - 7 sling bullets
 p - 4 boomerangs
 q - 6 poisoned darts (quivered)
Armour
 h - a +0 robe (worn)
Wands
 j - a wand of flame (13)
Scrolls
 e - 2 scrolls of silence
 g - a scroll of enchant weapon
 l - a scroll of brand weapon {unknown}
 m - a scroll of identify {unknown}
 r - a scroll of noise {unknown}
Potions
 d - a potion of flight
 f - a potion of berserk rage {unknown}
 i - a potion of lignification {unknown}
 k - a potion of brilliance {unknown}
 n - a potion of degeneration {unknown}


   Skills:
 - Level 1.5 Dodging
 * Level 6.3 Stealth
 - Level 2.0 Spellcasting
 - Level 1.0 Conjurations
 + Level 3.8 Fire Magic


You had 4 spell levels left.
You knew the following spells:

 Your Spells              Type           Power      Damage    Failure   Level
a - Foxfire               Conj/Fire      36%        2x1d5     8%          1
b - Scorch                Fire           26%        2d6       6%          2

Your spell library contained the following spells:

 Spells                   Type           Power      Damage    Failure   Level
 Magic Dart               Conj           16%        1d3       14%         1
 Searing Ray              Conj           8%         2d4       21%         2
 Conjure Flame            Conj/Fire      9%         6-21      22%         3
 Inner Flame              Hex/Fire       7%         N/A       28%         3
 Flame Wave               Conj/Fire      9%         3d4       58%         4
 Fulminant Prism          Conj/Hex       1%         3d6       86%         4


Dungeon Overview and Level Annotations

Branches:
Dungeon (3/15)

Altars:

Shops:
D:1 (

Annotations:
D:2 exclusion: goblin, Sigmund


Innate Abilities, Weirdness & Mutations

Your serpentine skin is tough. (AC +1)
You have supernaturally acute eyesight. (SInv)
Armour fits poorly on your strangely shaped body.
Your system is resistant to poisons. (rPois)
You cover ground very slowly.
You can spit poison.
You have a snake-like lower body.


Message History

Casting: Foxfire (safe; 8% risk of failure)
Confirm with . or Enter, or press ? or * to list all spells.
You conjure some foxfire!
The ball python hisses angrily.
The ice beast barely misses you.
Your foxfire dissipates!
The ice beast is no longer more vulnerable to fire.
The foxfire hits the ice beast but does no damage.
The ice beast is almost dead.
You hit the ice beast but do no damage.
The ice beast is almost dead.
The ice beast hits you but does no damage.
The ice beast hits you. The ice beast freezes you!
Your magical contamination has completely faded away.
You completely miss the ice beast.
The ice beast is almost dead.
The ice beast hits you. The ice beast freezes you.
* * * LOW HITPOINT WARNING * * *
The adder barely misses you. The adder closely misses you.
The ice beast barely misses you. The adder completely misses you.
The adder bites you.
* * * LOW HITPOINT WARNING * * *
Casting: Foxfire (safe; 8% risk of failure)
Confirm with . or Enter, or press ? or * to list all spells.
You conjure some foxfire!
The adder bites you.
* * * LOW HITPOINT WARNING * * *
You are lethally poisoned!
The adder poisons you!
Unknown command.
It was a potion of flight.
You feel very buoyant.
You fly up into the air.
* * * LOW HITPOINT WARNING * * *
You feel sick.
The foxfire hits the adder.
The adder is lightly wounded.
The foxfire hits the adder.
The adder is lightly wounded.
The adder bites you but does no damage. The adder bites you.
You die...

#..... .## ##.....
..###.# .......##..##.#
?.......#.....#
.......$#.##..##
..........##...##
...........#.#..###.#
.......#...#Y#.(#...##.
............JS@.......
.........⌠..S#..#.....
......#.....##.....##+
.....##.._.⌠.#.#..## ####
#....)......#
#####....⌠......# #
.................# .#
#####....)..#.#..## ..#
#......#####.#...#####..#


You could see an ice beast, an adder, an endoplasm and a ball python.

Vanquished Creatures
  Terence (D:2)
  An adder (D:2)
  2 dart slugs
  A worm (D:2)
  5 ball pythons
  3 endoplasms
  4 giant cockroaches
  4 goblins
  7 hobgoblins
  4 jackals (D:2)
  4 kobolds
  3 quokkas
  4 bats
  2 frilled lizards
  3 rats
48 creatures vanquished.

Vanquished Creatures (others)
  89 foxfires
89 creatures vanquished.

Grand Total: 137 creatures vanquished

Notes
Turn   | Place    | Note
-------+----------+-------------------------------------------
     0 | D:1      | mainiacjoe the Naga Fire Elementalist began the quest for
                  | the Orb.
     0 | D:1      | Reached XP level 1. HP: 15/15 MP: 3/3
    45 | D:1      | Found Tufof's Antique Weapon Emporium.
    94 | D:1      | Reached XP level 2. HP: 22/22 MP: 5/5
   117 | D:1      | Reached skill level 4 in Stealth
   610 | D:1      | Learned a level 2 spell: Scorch
   696 | D:1      | Reached XP level 3. HP: 28/28 MP: 4/6
   884 | D:1      | Reached skill level 5 in Stealth
  1116 | D:2      | Noticed Sigmund
  1279 | D:2      | Reached XP level 4. HP: 29/36 MP: 7/7
  1779 | D:2      | Noticed Terence
  1796 | D:2      | Killed Terence
  1797 | D:2      | Reached skill level 6 in Stealth
  2271 | D:3      | Found a faded altar of an unknown god.
  2373 | D:3      | Noticed an ice beast
  2400 | D:3      | HP: 1/36 [poisoned by an adder]
  2400 | D:3      | Slain by an adder

Illustrated notes

Levels and vault maps discovered:
D:1:      psy_arrival_statuary, layout_rooms, serial_shops,
          nicolae_shop_overgrown_old_shop
D:2:      layout_basic, uniq_terence, uniq_sigmund
D:3:      layout_rooms, hellmonk_ecumenical_altar_run_dry,
          kennysheep_jessica_study, uniq_jessica

Skill      XL: |  1  2  3  4 |
---------------+-------------+-----
Stealth        | 4 5 6 |  6.3
Dodging        | |  1.5
Spellcasting   | |  2.0
Conjurations   | |  1.0
Fire Magic     | |  3.8

Action                   |  1- 3 |  4- 6 || total
-------------------------+-------+-------++-------
Melee: Unarmed           |     2 |       ||     2
       Dagger            |    20 |       ||    20
       Spear             |    11 |    15 ||    26
Throw: Stone             |     6 |     5 ||    11
       Boomerang         |       |     1 ||     1
 Cast: Foxfire           |    34 |    21 ||    55
       Scorch            |     3 |     4 ||     7
 Abil: Spit Poison       |     7 |     3 ||    10
  Use: Scroll            |     1 |     1 ||     2
       Potion            |       |     1 ||     1
 Stab: Sleeping          |       |     1 ||     1
Armor: Robe              |     4 |     7 ||    11
Dodge: Dodged            |    20 |    13 ||    33

Table legend: (Time is in decaauts)
 A = Elapsed time spent in this place.
 B = Non-inter-level travel time spent in this place.
 C = Inter-level travel time spent in this place.
 D = Time resting spent in this place.
 E = Time spent auto-exploring this place.
 F = Levels seen in this place.
 G = Mean time per level.
                   A        B        C        D        E       F      G
               +--------+--------+--------+--------+--------+-----+--------+
         Total |   2791 |   2739 |     52 |    776 |   1505 |   3 |  930.3 |
       Dungeon |   2791 |   2739 |     52 |    776 |   1505 |   3 |  930.3 |
               +--------+--------+--------+--------+--------+-----+--------+

Top non-repeatable levels by time:
     D:2: 1490 daAuts
     D:1: 1119 daAuts
     D:3: 181 daAuts
